AoeStats
← shminky

Arabia

510250936Analyzed
1v1 RM · 2d ago on Sep 30, 2026· 49m 41s· 2 players
Game mode
Random Map
Map size
Tiny (2 player)
Population
200
Speed
Normal
Resources
Standard
Victory
Conquest
Starting age
Dark Age
Ending age
Imperial Age
RankedLock teamsTeams togetherTeam positionsShared explorationLock speedFull tech treeHidden civsTurbo modeCheats
Victory
Defeat
🇦🇺 Bulgarians · Australia
847
+16
🇨🇳 Magyars · China
850
-16
shminky
6:12 Loom
10:01 Feudal Age
18:39 Forging
23:15 Castle Age
22:25 Scale Mail Armor
24:18 Double-Bit Axe
25:02 Bloodlines
25:59 Light Cavalry
26:39 Husbandry
29:04 Bow Saw
28:47 Gold Mining
29:21 Scale Barding Armor
29:52 Iron Casting
31:57 Horse Collar
34:03 Wheelbarrow
33:15 Town Watch
35:29 Pikeman
39:12 Squires
38:57 Gambesons
39:31 Chain Mail Armor
39:37 Chain Barding Armor
40:27 Heavy Plow
44:33 Imperial Age
45:02 Capped Ram
46:01 Siege Ram
46:39 Arson
49:31 Stirrups
80后神登
1:35 Loom
10:24 Feudal Age
12:38 Arson
12:17 Man-at-Arms
15:26 Arson
18:13 Bloodlines
21:29 Fletching
26:07 Castle Age
24:50 Double-Bit Axe
25:02 Horse Collar
26:17 Crossbowman
26:26 Light Cavalry
28:07 Bodkin Arrow
28:53 Wheelbarrow
29:08 Pikeman
32:52 Padded Archer Armor
33:49 Husbandry
36:55 Scale Barding Armor
38:26 Town Watch
40:26 Chain Barding Armor
45:56 Scale Mail Armor
47:04 Heavy Plow
Connection lost

Rejoining the realm…

Still unreachable

The connection could not be restored.

Session expired

The server has moved on; the page needs a fresh start.